 Dungeon Crawl Stone Soup version 0.23-a0-619-g281719c (webtiles) character file.

1207 Azzok the Insei (level 8, -2/56 HPs)
             Began as a Demonspawn Transmuter on Dec 22, 2018.
             Was a Follower of Cheibriados.
             Splashed by a jelly's acid (9 damage)
             ... on level 4 of the Dungeon.
             The game lasted 00:10:52 (5857 turns).

Azzok the Insei (Demonspawn Transmuter)             Turns: 5857, Time: 00:10:53

Health: -2/56      AC: -6    Str: 12    XL:     8   Next: 21%
Magic:  16/16      EV: 12    Int: 20    God:    Cheibriados [*.....]
Gold:   298        SH:  0    Dex: 15    Spells: 11/17 levels left

rFire    . . .     SeeInvis +   y - +8 club
rCold    + . .     Gourm    .   (no shield)
rNeg     . . .     Faith    .   u - +2 animal skin
rPois    .         Spirit   .   t - +1 helmet
rElec    .         Reflect  .   v - +0 cloak
rCorr    .         Harm     .   (no gloves)
MR       .....                  z - +0 pair of boots
Stlth    ++........             (no amulet)
HPRegen  0.18/turn              m - ring of see invisible
MPRegen  0.15/turn              j - ring of stealth

@: corroded, very slow
A: claws 1, rugged brown scales 2, cold resistance 1, powered by death 2
a: Bend Time, Renounce Religion


You were on level 4 of the Dungeon.
You worshipped Cheibriados.
Cheibriados was aware of your devotion.
You were not hungry.

You visited 1 branch of the dungeon, and saw 4 of its levels.

You collected 298 gold pieces.

Inventory:

Hand Weapons
 y - a +8 club (weapon)
Missiles
 a - 32 arrows
Armour
 t - a +1 helmet (worn)
 u - a +2 animal skin (worn)
 v - a +0 cloak (worn)
 z - a +0 pair of boots (worn)
Jewellery
 e - an uncursed ring of protection from magic
 j - a ring of stealth (right claw)
 l - an uncursed ring of resist corrosion
 m - a ring of see invisible (left claw)
Wands
 x - a wand of paralysis (2)
Scrolls
 c - 3 scrolls of magic mapping {unknown}
 g - 7 scrolls of identify {unknown}
 h - 2 scrolls of fear {unknown}
 k - 3 scrolls of blinking {unknown}
 o - a scroll of enchant weapon {unknown}
 q - a scroll of remove curse {unknown}
 s - 2 scrolls of teleportation {unknown}
Potions
 b - a potion of invisibility {unknown}
 f - a potion of might {unknown}
 i - 3 potions of flight {unknown}
 n - a potion of agility {unknown}
 p - a potion of cancellation {unknown}
 r - a potion of magic {unknown}
 w - a potion of curing
 A - a potion of degeneration {unknown}
Comestibles
 d - 4 rations


   Skills:
 - Level 1.0 Fighting
 - Level 1.7 Dodging
 + Level 5.9 Unarmed Combat
 + Level 5.3 Spellcasting
 + Level 5.5 Transmutations


You had 11 spell levels left.
You knew the following spells:

 Your Spells              Type           Power        Failure   Level  Hunger
a - Beastly Appendage     Tmut           ####..       1%          1    None
b - Sticks to Snakes      Tmut           ####....     1%          2    None
c - Spider Form           Tmut/Pois      ###.......   11%         3    ##.....

Your spell library contained the following spells:

 Spells                   Type           Power        Failure   Level  Hunger
 Blade Hands              Tmut           ####......   32%         5    #####..
 Ice Form                 Ice/Tmut       ###.....     34%         4    ####...


Dungeon Overview and Level Annotations

Branches:
Dungeon (4/15)
 Temple: D:4-7

Altars:
Ashenzari
Cheibriados
Elyvilon
Hepliaklqana
Qazlal
Trog
Yredelemnul


Innate Abilities, Weirdness & Mutations

You have sharp fingernails.
You are mostly covered in rugged brown scales. (AC +2, +5% HP)
Your flesh is cold resistant. (rC+)
You regenerate health from kills.


Message History

The jelly completely misses you. The jelly hits you but does no damage.
You hit the jelly. The acid corrodes you!
Your claws burn!
The jelly is heavily wounded.
The jelly closely misses you.
You hit the jelly.
Your claws burn!
The jelly is heavily wounded.
The jelly hits you. The acid corrodes you!
You are splashed with acid!
The acid burns!
You hit the jelly. The acid corrodes you!
Your claws burn!
The jelly is heavily wounded.
The jelly hits you. The acid corrodes you!
You are splashed with acid!
The acid burns!
The jelly hits you.
You are splashed with acid!
The acid burns!
* * * LOW HITPOINT WARNING * * *
You hit the jelly but do no damage.
Your claws burn!
* * * LOW HITPOINT WARNING * * *
The jelly is heavily wounded.
The jelly hits you.
* * * LOW HITPOINT WARNING * * *
You are splashed with acid!
The acid burns!
You die...

▒▒▒▒▒ ···!·· ····· ▒▒▒▒▒
♣··· ▒ ▒···▒
♣··▒▒▒▒▒▒▒▒▒▒▒▒·▒▒▒ ▒··)'
♣···········J······ ▒)··▒
▒♣········▒▒@[······ ▒▒▒▒▒
·♣♣♣·········▒·········
♣······················
♣·♣♣♣·········▒)········
▒▒▒▒▒▒ ·♣
▒♣···········▒········▒·▒▒·▒
·♣
♣········▒▒▒▒········▒·▒▒·▒▒
·♣▒ ▒♣·▒·▒·▒▒▒▒
▒▒▒·▒▒▒·▒······ ··♣♣♣····▒·▒
·▒ ▒·▒▒>··▒▒ ·········▒··
▒·▒▒···▒


You could see a jelly.

Vanquished Creatures
  Pikel (D:4)
  Menkaure (D:4)
  3 slaves (D:4)
  An ogre (D:4)
  A scorpion (D:4)
  Crazy Yiuf (D:4)
  An orc priest (D:4)
  Ijyb (D:4)
  Natasha (thrice) (D:2)
  2 orc wizards (D:4)
  A worker ant (D:4)
  Robin (D:3)
  3 gnolls
  7 adders
  An ooze (D:2)
  A worm (D:2)
  2 dart slugs (D:1)
  A leopard gecko (D:1)
  6 orcs
  A ball python (D:1)
  8 bats
  5 giant cockroaches
  15 goblins
  8 hobgoblins
  3 jackals (D:4)
  8 kobolds
  2 quokkas
  4 frilled lizards
  A jackal skeleton (D:4)
  A leopard gecko skeleton (D:4)
  A quokka skeleton (D:4)
  7 rats
102 creatures vanquished.

Vanquished Creatures (collateral kills)
  Sigmund (D:2)
1 creature vanquished.

Vanquished Creatures (others)
  A centaur skeleton (D:4)
  A worker ant (D:4)
  4 toadstools (D:1)
6 creatures vanquished.

Grand Total: 109 creatures vanquished

Notes
Turn   | Place    | Note
-------+----------+-------------------------------------------
     0 | D:1      | Azzok the Demonspawn Transmuter began the quest for the
                  | Orb.
     0 | D:1      | Reached XP level 1. HP: 15/15 MP: 3/3
   178 | D:1      | Gained mutation: You regenerate a little health from kills.
                  | [demonic ancestry]
   178 | D:1      | Reached XP level 2. HP: 15/21 MP: 3/5
   322 | D:1      | Learned a level 2 spell: Sticks to Snakes
   504 | D:1      | Gained mutation: You have sharp fingernails. [demonic
                  | ancestry]
   504 | D:1      | Reached XP level 3. HP: 22/26 MP: 4/6
   509 | D:1      | Learned a level 3 spell: Spider Form
  1107 | D:2      | Found a shattered altar of Ashenzari.
  1283 | D:2      | Noticed Natasha
  1288 | D:2      | Killed Natasha
  1288 | D:2      | Gained mutation: You are partially covered in rugged brown
                  | scales. (AC +1, +3% HP) [demonic ancestry]
  1288 | D:2      | Reached XP level 4. HP: 9/32 MP: 3/7
  1699 | D:2      | Noticed Natasha
  1708 | D:2      | Killed Natasha
  1809 | D:2      | Noticed Sigmund
  2101 | D:2      | Killed Sigmund
  2101 | D:2      | Reached XP level 5. HP: 32/38 MP: 3/9
  2423 | D:2      | Noticed Natasha
  2434 | D:2      | Killed Natasha
  2996 | D:3      | Noticed Robin
  3704 | D:3      | Killed Robin
  3704 | D:3      | Gained mutation: You regenerate health from kills. [demonic
                  | ancestry]
  3704 | D:3      | Reached XP level 6. HP: 44/44 MP: 6/11
  3868 | D:3      | Found a bloodstained altar of Trog.
  4196 | D:3      | Found a snail-covered altar of Cheibriados.
  4199 | D:3      | Found a stormy altar of Qazlal.
  4206 | D:3      | Found a basalt altar of Yredelemnul.
  4223 | D:3      | Became a worshipper of Cheibriados the Contemplative
  4724 | D:4      | Gained mutation: Your flesh is cold resistant. (rC+)
                  | [demonic ancestry]
  4724 | D:4      | Reached XP level 7. HP: 40/49 MP: 9/13
  4899 | D:4      | Noticed Menkaure
  4914 | D:4      | Killed Menkaure
  4914 | D:4      | Reached skill level 5 in Unarmed Combat
  5151 | D:4      | Noticed Pikel
  5166 | D:4      | Killed Pikel
  5166 | D:4      | Reached skill level 5 in Spellcasting
  5166 | D:4      | Reached skill level 5 in Transmutations
  5166 | D:4      | Gained mutation: You are mostly covered in rugged brown
                  | scales. (AC +2, +5% HP) [demonic ancestry]
  5166 | D:4      | Reached XP level 8. HP: 19/56 MP: 11/15
  5403 | D:4      | Found a runed door.
  5464 | D:4      | Noticed Crazy Yiuf
  5470 | D:4      | Killed Crazy Yiuf
  5602 | D:4      | Noticed Ijyb
  5606 | D:4      | Paralysed by Ijyb for 5 turns
  5615 | D:4      | Killed Ijyb
  5748 | D:4      | Found a hazy altar of Hepliaklqana.
  5748 | D:4      | Found a white marble altar of Elyvilon.
  5847 | D:4      | Reached * piety under Cheibriados
  5857 | D:4      | Splashed by a jelly's acid

Vault maps used:
D:1:      enne_arrival_octagon_isle, minmay_gold_behind_fungi,
          roderic_roman_lattice, serial_bayou_lagoon_a, minmay_pentomino_v2
D:2:      lemuel_doored_altar, first_ration, uniq_natasha, uniq_sigmund
D:3:      bloody_trog, minitemple, minmay_misc_feat_enclosed,
          minmay_misc_feat_iff, kennysheep_boxes, uniq_robin
D:4:      gammafunk_temple_overflow_statue, minmay_stone_trees_medium,
          uniq_ijyb, uniq_crazy_yiuf_cottage, uniq_menkaure, uniq_pikel

Skill      XL: |  1  2  3  4  5  6  7 |
---------------+----------------------+-----
Transmutations | 2 3 4 5 |  5.5
Unarmed Combat | 3 4 5 |  5.9
Spellcasting   | 3 4 5 |  5.3
Fighting       | |  1.0
Dodging        | |  1.7

Action                   |  1- 3 |  4- 6 |  7- 9 || total
-------------------------+-------+-------+-------++-------
Melee: Unarmed           |    91 |   184 |    45 ||   320
       Kick              |     3 |       |       ||     3
       Club              |       |       |    17 ||    17
 Cast: Beastly Appendage |    11 |       |       ||    11
       Spider Form       |     6 |    29 |     5 ||    40
       Sticks to Snakes  |       |     6 |       ||     6
 Stab: Sleeping          |     2 |       |     3 ||     5
  Eat: Chunk             |     2 |    12 |     1 ||    15
       Ration            |       |     1 |     1 ||     2
Armor: Robe              |    24 |     3 |       ||    27
       Skin              |       |     6 |       ||     6
       Animal skin       |       |    10 |     5 ||    15
Dodge: Dodged            |    74 |   182 |    31 ||   287

Table legend:
 A = Non-vault XP
 B = Vault XP
 C = Vault XP percentage of total XP
 D = Non-vault monster count
 E = Vault monster count
 F = Vault count percentage of total count
                 A         B        C        D         E       F
            +---------+---------+-------+---------+---------+-------
      Total |     665 |    1060 |  61.4 |      81 |      19 |  19.0
            +---------+---------+-------+---------+---------+-------
        D:1 |      47 |       4 |   7.8 |      27 |       1 |   3.6
        D:2 |     132 |     159 |  54.6 |      15 |      11 |  42.3
        D:3 |      97 |      19 |  16.4 |      20 |       3 |  13.0
        D:4 |     389 |     878 |  69.3 |      19 |       4 |  17.4
            +---------+---------+-------+---------+---------+-------
